[Event "II Torneo Paterna-B 2021"]
[Site "Paterna"]
[Date "2021.10.18"]
[Round "7.3"]
[White "Luque Saiz, Andres"]
[Black "Pallardo Lozoya, Jose Vicente"]
[Result "1-0"]
[ECO "B18"]
[WhiteElo "2307"]
[BlackElo "2357"]
[Annotator "RC"]
[PlyCount "71"]
[EventDate "2021.10.18"]
[EventType "tourn"]
[EventCountry "ESP"]
[SourceTitle "playchess.com"]
[Source "ChessBase"]
[SourceQuality "1"]
[TimeControl "240+3"]

1. e4 c6 2. d4 d5 3. Nd2 dxe4 4. Nxe4 Bf5 5. Ng3 Bg6 6. Nh3 e6 7. Nf4 Bd6 8. h4 Qc7 9. Nxg6 hxg6 10. Ne4 Be7 11. g3 Nf6 12. Ng5 Nbd7 13. Bg2 Rd8 14. O-O Nb6 15. c3 O-O 16. Qe2 Rfe8 17. a4 a5 18. Bf4 Bd6 19. Be5 Nbd7 20. f4 Nd5 21. Ne4 Nxe5 22. fxe5 Bf8 23. Rae1 c5 24. Ng5 Rd7 25. h5 cxd4 26. hxg6 fxg6 27. cxd4 Qb6 28. Qf2 Nb4 29. Rd1 Red8 30. Kh2 Nd5 31. Bxd5 exd5 32. e6 Re7 33. Qf7+ Rxf7 34. exf7+ Kh8 35. Kg2 Qxb2+ 36. Rf2 1-0